 Dungeon Sprint DCSS version 0.21-a0-297-ga3d34c2 (webtiles) character file.

2 Kidiri the Magician (level 1, -2/10 HPs)
             Began as a Deep Elf Fire Elementalist on Sept 28, 2017.
             Slain by a human (7 damage)
             ... in the Dungeon (Sprint III: "The Ten Rune Challenge").
             The game lasted 00:00:56 (128 turns).

Kidiri the Magician (Deep Elf Fire Elementalist)     Turns: 128, Time: 00:00:57

Health: -2/10      AC:  2    Str:  5    XL:     1   Next: 33%
Magic:  5/7        EV: 13    Int: 19    God:
Gold:   0          SH:  0    Dex: 15    Spells: 7/8 levels left

rFire    . . .     SeeInvis .   (no weapon)
rCold    . . .     Gourm    .   (no shield)
rNeg     . . .     Faith    .   a - +0 robe
rPois    .         Spirit   .   (no helmet)
rElec    .         Reflect  .   (no cloak)
rCorr    .         Harm     .   (no gloves)
MR       .....     NoTele   +   (no boots)
Stlth    ++........             (no amulet)
HPRegen  0.03/turn              (no ring)
MPRegen  0.10/turn              (no ring)

@: very slightly contaminated
A: no striking features
a: no special abilities


You were in the Dungeon.
You were not hungry.

You visited 1 branch

Inventory:

Armour
 a - a +0 robe (worn)
Scrolls
 i - a scroll of blinking
 k - a scroll of remove curse {unknown}
Potions
 d - a potion of curing
 e - a potion of heal wounds
 f - a potion of haste
 g - a potion of magic
 h - a potion of berserk rage
 l - a potion of ambrosia {unknown}
Books
 b - a book of Flames

   Spells                             Type                      Level
   a - Flame Tongue                   Conjuration/Fire             1
   b - Throw Flame                    Conjuration/Fire             2
   c - Conjure Flame                  Conjuration/Fire             3
   d - Inner Flame                    Hexes/Fire                   3
   e - Sticky Flame                   Conjuration/Fire             4
   f - Fireball                       Conjuration/Fire             5
Comestibles
 c - a bread ration
 j - a chunk of flesh


   Skills:
 - Level 2.4 Dodging
 - Level 2.4 Stealth
 * Level 4.0 Spellcasting
 + Level 1.5 Conjurations
 + Level 3.7 Fire Magic


You had 7 spell levels left.
You knew the following spells:

 Your Spells              Type           Power        Failure   Level  Hunger
a - Flame Tongue          Conj/Fire      ##...        4%          1    None


Dungeon Overview and Level Annotations

Branches:
Dungeon (1/1)

Altars:


Message History

Aiming: Flame Tongue
Press: ? - help, Shift-Dir - straight line, f/p - human
Aim: a human (lightly wounded)
The flame tongue misses the human.
The human barely misses you.
Casting: Flame Tongue
Confirm with . or Enter, or press ? or * to list all spells.
Aiming: Flame Tongue
Press: ? - help, Shift-Dir - straight line, f/p - human
Aim: a human (lightly wounded)
The flame tongue hits the human.
The human is moderately wounded.
The human closely misses you.
Casting: Flame Tongue
Confirm with . or Enter, or press ? or * to list all spells.
Aiming: Flame Tongue
Press: ? - help, Shift-Dir - straight line, f/p - human
Aim: a human (moderately wounded)
The flame tongue misses the human.
The human hits you!
Ouch! That really hurt!
You die...

▓▓▓▓▓▓▓▓▓
▓<..#...####
▓...#......##
▓..##.......#
▓##.##.##...# .#
##.##.###..# ..#
▓#.####.##..# ...+
▓.###..##.@##
#p..# ▓#.....##.p#
#....#
###..##...##.....#
##..##....#......#
#..###..##.# #..#
#..#### ▓▓▓▓ ▓▓▓▓


You could see a human.

Vanquished Creatures
  4 rats (D)
4 creatures vanquished.

Vanquished Creatures (others)
  5 hellions (D)
  A yaktaur (D)
  A plant (D)
7 creatures vanquished.

Grand Total: 11 creatures vanquished

Notes
Turn   | Place    | Note
-------+----------+-------------------------------------------
     0 | D        | Kidiri the Deep Elf Fire Elementalist began the quest for the Orb.
     0 | D        | Reached XP level 1. HP: 10/10 MP: 6/6
    22 | D        | Killed a yaktaur
    75 | D        | Reached skill level 4 in Spellcasting
    82 | D        | Killed a hellion
   101 | D        | Killed a hellion
   117 | D        | Killed a hellion
   117 | D        | Killed a hellion
   128 | D        | Killed a hellion
   128 | D        | Slain by a human

Vault maps used:
D:        dungeon_sprint_mu

Skill      XL: |  1 |
---------------+----+-----
Spellcasting   | 4 |  4.0
Dodging        | |  2.4
Stealth        | |  2.4
Conjurations   | |  1.5
Fire Magic     | |  3.7

Action                   || total
-------------------------++-------
 Cast: Flame Tongue      ||    17
  Use: Potion            ||     1
Dodge: Dodged            ||     9

Table legend:
 A = Spawn XP
 B = Non-spawn XP
 C = Spawn XP percentage of total XP
 D = Spawn monster count
 E = Non-spawn monster count
 F = Spawn count percentage of total count
 G = Total turns spent on level
                    A         B        C        D         E        F      G
               +---------+---------+-------+---------+---------+-------+---------
         Total |       0 |       4 |   0.0 |       0 |       4 |   0.0 |   128
               +---------+---------+-------+---------+---------+-------+---------
             D |       0 |       4 |   0.0 |       0 |       4 |   0.0 |   128
               +---------+---------+-------+---------+---------+-------+---------
